 Dungeon Crawl Stone Soup version 0.23.0 (webtiles) character file.

Game seed: 15220193825873783689

644 tidbits the Charmwright (level 7, 44/56 HPs)
             Began as a Gnoll Skald on Feb 14, 2019.
             Quit the game in the Ecumenical Temple.
             The game lasted 00:15:26 (1576 turns).

tidbits the Charmwright (Gnoll Skald)               Turns: 1576, Time: 00:15:26

Health: 44/56      AC:  6    Str: 14    XL:     7   Next: 52%
Magic:  15/15      EV: 14    Int: 19    God:
Gold:   175        SH:  4    Dex: 14    Spells: 6/17 levels left

rFire    . . .     SeeInvis .   a - +0 trident
rCold    . . .     Gourm    .   D - +0 buckler (curse)
rNeg     . . .     Faith    .   b - +0 leather armour
rPois    .         Spirit   .   E - +2 hat
rElec    .         Reflect  .   (no cloak)
rCorr    .         Harm     .   G - +0 pair of gloves
MR       .....                  (no boots)
Stlth    ++........             m - amulet of rage
HPRegen  0.18/turn              W - ring of wizardry
MPRegen  0.14/turn              o - +2 ring of intelligence

@: no status effects
A: distributed training, fangs 1, strong nose
a: Evoke Berserk Rage


You were in the Ecumenical Temple.
You were not hungry.

You visited 2 branches of the dungeon, and saw 7 of its levels.

You collected 175 gold pieces.

Inventory:

Hand Weapons
 a - a +0 trident (weapon)
 t - a +0 spear
Missiles
 h - 2 tomahawks of dispersal {!f}
 n - 108 arrows
 x - a throwing net {!f}
 y - 7 javelins (quivered)
Armour
 b - a +0 leather armour (worn)
 D - a cursed +0 buckler (worn)
 E - a +2 hat (worn)
 G - a +0 pair of gloves (worn)
Jewellery
 m - an amulet of rage (around neck)
   (You found it on level 2 of the Dungeon)
 o - a +2 ring of intelligence (right hand)
   (You found it on level 3 of the Dungeon)
 K - an uncursed ring of resist corrosion
   (You found it on level 1 of the Dungeon)
 W - a ring of wizardry (left hand)
   (You found it on level 2 of the Dungeon)
Wands
 A - a wand of polymorph (9)
Scrolls
 c - a scroll of random uselessness {unknown}
 e - a scroll of fear
 i - 2 scrolls of enchant weapon
 j - 4 scrolls of amnesia
 k - a scroll of immolation {!r}
 l - a scroll of magic mapping
 r - 6 scrolls of remove curse
 s - 2 scrolls of fog {unknown}
 v - 2 scrolls of noise {unknown}
 w - a scroll of summoning {unknown}
 B - a scroll of teleportation {unknown}
Potions
 f - 4 potions of curing
 g - 3 potions of heal wounds
 p - a potion of brilliance
 q - a potion of might {unknown}
 u - a potion of mutation {unknown}
 z - a potion of agility
Comestibles
 d - 5 rations


   Skills:
 + Level 5.2 Fighting
 + Level 2.5 Short Blades
 + Level 2.5 Long Blades
 + Level 2.5 Axes
 + Level 2.5 Maces & Flails
 + Level 5.2 Polearms
 + Level 2.5 Staves
 + Level 2.5 Slings
 + Level 2.5 Bows
 + Level 2.5 Crossbows
 + Level 2.5 Throwing
 + Level 3.6 Armour
 + Level 5.2 Dodging
 + Level 2.5 Stealth
 + Level 2.5 Shields
 + Level 2.5 Unarmed Combat
 + Level 5.6 Spellcasting
 + Level 2.0 Conjurations
 + Level 2.0 Hexes
 + Level 5.8 Charms
 + Level 2.0 Summonings
 + Level 2.0 Necromancy
 + Level 2.0 Translocations
 + Level 2.0 Transmutations
 + Level 2.0 Fire Magic
 + Level 2.0 Ice Magic
 + Level 2.0 Air Magic
 + Level 2.0 Earth Magic
 + Level 2.0 Poison Magic
 + Level 2.7 Invocations
 + Level 2.5 Evocations


You had 6 spell levels left.
You knew the following spells:

 Your Spells              Type           Power        Failure   Level  Hunger
g - Shroud of Golubria    Chrm/Tloc      ###.......   2%          2    None
i - Infusion              Chrm           ####         1%          1    None
r - Regeneration          Chrm/Necr      ###.......   4%          3    ##.....
w - Spectral Weapon       Hex/Chrm       ###.....     4%          3    ##.....
y - Song of Slaying       Chrm           ####....     1%          2    None

Your spell library contained the following spells:

 Spells                   Type           Power        Failure   Level  Hunger


Dungeon Overview and Level Annotations

Branches:
Dungeon (6/15)             Temple (1/1) D:6

Altars:
Ashenzari
Dithmenos
Elyvilon
Hepliaklqana
Kikubaaqudgha
Makhleb
Nemelex Xobeh
Okawaru
Ru
Sif Muna
Trog
Uskayaw
Vehumet
Wu Jian
Yredelemnul
The Shining One

Shops:
D:4 [


Innate Abilities, Weirdness & Mutations

Your experience applies equally to all skills.
You have very sharp teeth.
Your uncanny sense of smell can sniff out nearby items.


Message History

Confirm with . or Enter, or press ? or * to list all spells.
You draw out your weapon's spirit!
The worker ant closely misses you.
You hit the worker ant.
You kill the worker ant!
You see here a scroll of identify.
As you read the scroll of identify, it crumbles to dust.
z - a potion of agility You swap places.
A worker ant comes into view.
The worker ant twitches its antennae in your direction.
You hit the worker ant but do no damage.
Your spectral weapon fades away.
The worker ant misses you.
You barely miss the worker ant. The worker ant bites you.
You are poisoned.
The worker ant poisons you!
The worker ant bites you but does no damage.
Casting: Spectral Weapon (safe; 4% risk of failure)
Confirm with . or Enter, or press ? or * to list all spells.
You draw out your weapon's spirit!
You feel sick. The worker ant closely misses you.
You closely miss the worker ant.
Your spectral weapon hits the worker ant.
The worker ant completely misses you.
You hit the worker ant.
The worker ant is moderately wounded.
You feel sick.
Your spectral weapon hits the worker ant.
The worker ant barely misses you.
You puncture the worker ant!
You bite the worker ant, but do no damage.
The worker ant is almost dead.
Your spectral weapon hits the worker ant.
You kill the worker ant!
No target in view!
You feel sick.
You feel sick. As you open the gate, it creaks loudly!
You feel sick.
There is an open gate here.
Found a stone staircase leading down.
You feel sick.
Found 18 bolts.
Your spectral weapon fades away.
You feel sick.
You are no longer poisoned.
There is a stone staircase leading down here.
You climb downwards.
Found 12 gold pieces, a scroll of amnesia and 22 arrows.
There is a stone staircase leading up here.
Unknown command.
Unknown command.
Unknown command.
A centaur comes into view.
Found four items.
Found a staircase to the Ecumenical Temple.
A sky beast comes into view.
The centaur wields a +0 shortbow.
The centaur shoots an arrow.
The arrow hits you.
You see here an arrow.
The centaur shoots an arrow.
You block the arrow.
The centaur shoots an arrow.
The arrow closely misses you.
You see here an arrow.
The centaur shoots an arrow.
You block the arrow.
There is a staircase to the Ecumenical Temple here.
You see here an arrow.
The centaur shoots an arrow.
The arrow hits you!
* * * LOW HITPOINT WARNING * * *
The sky beast closely misses you.
You climb downwards.
Welcome to the Ecumenical Temple!
Found an ornate altar of the Wu Jian Council.
There is a staircase back to the Dungeon here.
Casting: Spectral Weapon (safe; 4% risk of failure)
Confirm with . or Enter, or press ? or * to list all spells.
Your skin crawls.
Unknown command.
Your skin is crawling a little less now.
Found a hide-covered altar of Uskayaw.
There is an ornate altar of the Wu Jian Council here.
Your skin stops crawling.
Found a sparkling altar of Nemelex Xobeh.
Found a shadowy altar of Dithmenos.
There is a sparkling altar of Nemelex Xobeh here.
Found a deep blue altar of Sif Muna.
Unknown command.
Found an iron altar of Okawaru.
Found an ancient bone altar of Kikubaaqudgha and a hazy altar of Hepliaklqana.
There is an iron altar of Okawaru here.
Found a burning altar of Makhleb.
Unknown command.
Found a white marble altar of Elyvilon.
There is a burning altar of Makhleb here.
Found a bloodstained altar of Trog.
There is a white marble altar of Elyvilon here.
Unknown command.
Press < or > to pray at altars.
Found a radiant altar of Vehumet and a glowing golden altar of the Shining One.
Found a sacrificial altar of Ru.
Found a shattered altar of Ashenzari.
Are you sure you want to abandon this character and quit the game? (Confirm with "yes".)

###...# #####.....#
###......._.#
#####...........#
###......._.......#
#####......#......#####
#......._.......#.#...#
#...........#####.....#
#._...@...###......._.#
#.....#####...........#
#...###......._.......#
#####......#......#####
#......._.......###...#
#...........#####.....#
#._.......###......._.#
#.....#####...........#
#...#.#......._.......#


There were no monsters in sight!

Vanquished Creatures
  Grinder (D:3)
  An ogre (D:4)
  A crimson imp (D:2)
  A hound (D:4)
  2 iguanas (D:4)
  4 worker ants
  A howler monkey zombie (D:4)
  A worker ant zombie (D:5)
  6 adders
  An adder skeleton (D:4)
  3 worms
  A dart slug (D:2)
  4 leopard geckos
  2 orcs
  2 ball pythons
  9 bats
  3 giant cockroaches
  5 hobgoblins
  4 jackals
  6 kobolds
  A quokka (D:3)
  A ball python skeleton (D:4)
  5 frilled lizards
  8 goblins
  A jackal skeleton (D:3)
  10 rats
84 creatures vanquished.

Vanquished Creatures (others)
  A spectral weapon (D:5)
1 creature vanquished.

Grand Total: 85 creatures vanquished

Notes
Turn   | Place    | Note
-------+----------+-------------------------------------------
     0 | D:1      | tidbits the Gnoll Skald began the quest for the Orb.
     0 | D:1      | Reached XP level 1. HP: 20/20 MP: 6/6
   148 | D:1      | Reached XP level 2. HP: 21/26 MP: 4/7
   152 | D:1      | Learned a level 2 spell: Song of Slaying
   155 | D:1      | Learned a level 2 spell: Shroud of Golubria
   386 | D:2      | Reached XP level 3. HP: 24/31 MP: 0/9
   393 | D:2      | Learned a level 3 spell: Regeneration
   397 | D:2      | Learned a level 3 spell: Spectral Weapon
   406 | D:3      | Reached skill level 5 in Spellcasting
   415 | D:3      | Found a basalt altar of Yredelemnul.
   422 | D:3      | Noticed Grinder
   433 | D:3      | Paralysed by Grinder for 5 turns
   442 | D:3      | Paralysed by Grinder for 6 turns
   449 | D:3      | Killed Grinder
   449 | D:3      | Reached skill level 1 in Short Blades
   449 | D:3      | Reached skill level 1 in Long Blades
   449 | D:3      | Reached skill level 1 in Axes
   449 | D:3      | Reached skill level 1 in Maces & Flails
   449 | D:3      | Reached skill level 1 in Staves
   449 | D:3      | Reached skill level 1 in Slings
   449 | D:3      | Reached skill level 1 in Bows
   449 | D:3      | Reached skill level 1 in Crossbows
   449 | D:3      | Reached skill level 1 in Throwing
   449 | D:3      | Reached skill level 3 in Armour
   449 | D:3      | Reached skill level 1 in Stealth
   449 | D:3      | Reached skill level 1 in Shields
   449 | D:3      | Reached skill level 1 in Unarmed Combat
   449 | D:3      | Reached skill level 1 in Conjurations
   449 | D:3      | Reached skill level 1 in Hexes
   449 | D:3      | Reached skill level 1 in Summonings
   449 | D:3      | Reached skill level 1 in Necromancy
   449 | D:3      | Reached skill level 1 in Translocations
   449 | D:3      | Reached skill level 1 in Transmutations
   449 | D:3      | Reached skill level 1 in Fire Magic
   449 | D:3      | Reached skill level 1 in Ice Magic
   449 | D:3      | Reached skill level 1 in Air Magic
   449 | D:3      | Reached skill level 1 in Earth Magic
   449 | D:3      | Reached skill level 1 in Poison Magic
   449 | D:3      | Reached skill level 1 in Invocations
   449 | D:3      | Reached skill level 1 in Evocations
   449 | D:3      | Reached XP level 4. HP: 24/38 MP: 1/11
   449 | D:3      | Reached XP level 5. HP: 27/43 MP: 1/12
   486 | D:2      | Reached XP level 6. HP: 35/50 MP: 1/13
   557 | D:2      | Reached skill level 2 in Invocations
   875 | D:4      | Found Tenavvok's Armour Shop.
   888 | D:3      | Reached skill level 5 in Fighting
   888 | D:3      | Reached skill level 5 in Polearms
   888 | D:3      | Reached skill level 5 in Dodging
   936 | D:3      | Reached skill level 2 in Short Blades
   936 | D:3      | Reached skill level 2 in Long Blades
   936 | D:3      | Reached skill level 2 in Axes
   936 | D:3      | Reached skill level 2 in Maces & Flails
   936 | D:3      | Reached skill level 2 in Staves
   936 | D:3      | Reached skill level 2 in Slings
   936 | D:3      | Reached skill level 2 in Bows
   936 | D:3      | Reached skill level 2 in Crossbows
   936 | D:3      | Reached skill level 2 in Throwing
   936 | D:3      | Reached skill level 2 in Stealth
   936 | D:3      | Reached skill level 2 in Shields
   936 | D:3      | Reached skill level 2 in Unarmed Combat
   936 | D:3      | Reached skill level 2 in Evocations
  1113 | D:5      | Entered Level 5 of the Dungeon
  1313 | D:4      | Reached XP level 7. HP: 42/56 MP: 11/15
  1359 | D:5      | Reached skill level 2 in Conjurations
  1359 | D:5      | Reached skill level 2 in Hexes
  1359 | D:5      | Reached skill level 2 in Summonings
  1359 | D:5      | Reached skill level 2 in Necromancy
  1359 | D:5      | Reached skill level 2 in Translocations
  1359 | D:5      | Reached skill level 2 in Transmutations
  1359 | D:5      | Reached skill level 2 in Fire Magic
  1359 | D:5      | Reached skill level 2 in Ice Magic
  1359 | D:5      | Reached skill level 2 in Air Magic
  1359 | D:5      | Reached skill level 2 in Earth Magic
  1359 | D:5      | Reached skill level 2 in Poison Magic
  1508 | D:6      | Found a staircase to the Ecumenical Temple.
  1516 | Temple   | Entered the Ecumenical Temple
  1576 | Temple   | Quit the game

Skill      XL: |  1  2  3  4  5  6  7 |
---------------+----------------------+-----
Spellcasting   | 5 |  5.6
Short Blades   | 1 2 |  2.5
Long Blades    | 1 2 |  2.5
Axes           | 1 2 |  2.5
Maces & Flails | 1 2 |  2.5
Staves         | 1 2 |  2.5
Slings         | 1 2 |  2.5
Bows           | 1 2 |  2.5
Crossbows      | 1 2 |  2.5
Throwing       | 1 2 |  2.5
Armour         | 3 |  3.6
Stealth        | 1 2 |  2.5
Shields        | 1 2 |  2.5
Unarmed Combat | 1 2 |  2.5
Conjurations   | 1 2 |  2.0
Hexes          | 1 2 |  2.0
Summonings     | 1 2 |  2.0
Necromancy     | 1 2 |  2.0
Translocations | 1 2 |  2.0
Transmutations | 1 2 |  2.0
Fire Magic     | 1 2 |  2.0
Ice Magic      | 1 2 |  2.0
Air Magic      | 1 2 |  2.0
Earth Magic    | 1 2 |  2.0
Poison Magic   | 1 2 |  2.0
Invocations    | 1 2 |  2.7
Evocations     | 1 2 |  2.5
Fighting       | 5 |  5.2
Polearms       | 5 |  5.2
Dodging        | 5 |  5.2
Charms         | |  5.8

Action                   |  1- 3 |  4- 6 |  7- 9 || total
-------------------------+-------+-------+-------++-------
Melee: Spear             |    58 |    84 |       ||   142
       Bite              |     1 |    12 |     4 ||    17
       Trident           |       |    30 |    34 ||    64
 Cast: Infusion          |    10 |       |       ||    10
       Spectral Weapon   |     2 |    20 |     6 ||    28
       Shroud of Golubri |     1 |       |       ||     1
       Song of Slaying   |       |     3 |     1 ||     4
       Regeneration      |       |     2 |     2 ||     4
  Use: Potion            |     3 |       |       ||     3
       Scroll            |     1 |     6 |     1 ||     8
 Stab: Sleeping          |     4 |     4 |     1 ||     9
       Distracted        |       |     2 |       ||     2
  Eat: Ration            |       |     1 |     1 ||     2
       Chunk             |       |     1 |       ||     1
Armor: Leather armour    |     4 |    17 |     4 ||    25
Dodge: Dodged            |    24 |    41 |    22 ||    87
Block: Buckler           |       |     3 |     8 ||    11

Table legend:
 A = Turns spent in this place as a percentage of turns spent in the entire game.
 B = Non-inter-level travel turns spent in this place as a percentage of non-inter-level travel turns spent in the entire game.
 C = Inter-level travel turns spent in this place as a percentage of turns spent in this place.
 D = Turns resting spent in this place as a percentage of non-inter-level travel turns spent in this place.
 E = Turns spent auto-exploring this place as a percentage of non-inter-level travel turns spent in this place.
 F = Non-inter-level travel turns spent in this place divided by the number of levels of this place that you've seen.
                   A       B       C       D       E      F
               +-------+-------+-------+-------+-------+----------------------
         Total | 100.0 | 100.0 |   3.7 |   0.0 |   0.0 | 216.7
       Dungeon |  96.2 |  96.5 |   3.4 |   0.0 |   0.0 | 244.0
        Temple |   3.8 |   3.5 |  11.7 |   0.0 |   0.0 |  53.0
               +-------+-------+-------+-------+-------+----------------------

Table legend:
 A = Kills in this place as a percentage of kills in entire the game.
 B = Kills by you in this place as a percentage of kills by you in the entire game.
 C = Kills by friends in this place as a percentage of kills by friends in the entire game.
 D = Other kills in this place as a percentage of other kills in the entire game.
 E = Experience gained in this place as a percentage of experience gained in the entire game.
 F = Experience gained in this place divided by the number of levels of this place that you have seen.
                   A       B       C       D       E      F
               +-------+-------+-------+-------+-------+----------------------
         Total | 100.0 | 100.0 |   N/A |   N/A | 100.0 | 131.6
       Dungeon | 100.0 | 100.0 |   N/A |   N/A | 100.0 | 153.5
               +-------+-------+-------+-------+-------+----------------------

Levels and vault maps discovered:
D:1:      tarquinn_simple_flora_water_e, layout_basic
D:2:      minmay_razor_zed, layout_loops_corners, st_stairs_7
D:3:      layout_rooms, lemuel_round_altar, first_ration, uniq_grinder
D:4:      layout_rooms, serial_shops, shop_statue
D:5:      layout_loops_ring, grunt_temple_overflow_open,
          kennysheep_cluttered_room, chequers_serial_rivers_room_b,
          minivault_19, minmay_large_rounded_square, hangedman_decor_lopped,
          nicolae_qazlal_eye_of_the_storm
D:6:      layout_rooms, kennysheep_little_box,
          chequers_temple_overflow_statue_of_worship, minmay_temple_entry_glass,
          kennysheep_boxes
Temple:   regret_index_temple_waves
